% Time on Ice - CALGARY FIREMEN
Lines # - Real PCT - Wanted PCT - Time Play
Normal Forward
1 - 31% - 36% - 15:37
2 - 24% - 31% - 12:12
3 - 27% - 23% - 13:38
4 - 17% - 10% - 8:38
Normal Defense
1 - 34% - 36% - 16:48
2 - 31% - 31% - 15:39
3 - 29% - 23% - 14:36
4 - 6% - 10% - 3:02
PP Forward
1 - 53% - 55% - 2:07
2 - 47% - 45% - 1:51
PP Defense
1 - 39% - 55% - 1:34
2 - 61% - 45% - 2:24
PK Forward
1 - 62% - 55% - 3:40
2 - 38% - 45% - 2:17
PK Defense
1 - 63% - 55% - 3:44
2 - 37% - 45% - 2:13
PK3 Forward
1 - 0% - 55%
2 - 0% - 45%
PK3 Defense
1 - 0% - 55%
2 - 0% - 45%
44 Forward
1 - 0% - 55%
2 - 0% - 45%
44 Defense
1 - 0% - 55%
2 - 0% - 45%
Last Minute Offensive  - 0:00
Last Minute Defensive  - 0:00
Total
Forward - 60:00
Defense - 60:00
% Time on Ice - BOISE CARIBOUS
Lines # - Real PCT - Wanted PCT - Time Play
Normal Forward
1 - 35% - 36% - 17:38
2 - 29% - 30% - 14:23
3 - 23% - 24% - 11:29
4 - 13% - 10% - 6:35
Normal Defense
1 - 36% - 36% - 18:06
2 - 35% - 36% - 17:33
3 - 27% - 28% - 13:40
4 - 2% - 0% - 0:46
PP Forward
1 - 39% - 65% - 2:21
2 - 61% - 35% - 3:36
PP Defense
1 - 61% - 55% - 3:36
2 - 39% - 45% - 2:21
PK Forward
1 - 58% - 50% - 2:17
2 - 42% - 50% - 1:41
PK Defense
1 - 64% - 55% - 2:32
2 - 36% - 45% - 1:26
PK3 Forward
1 - 0% - 55%
2 - 0% - 45%
PK3 Defense
1 - 0% - 55%
2 - 0% - 45%
44 Forward
1 - 0% - 55%
2 - 0% - 45%
44 Defense
1 - 0% - 55%
2 - 0% - 45%
Last Minute Offensive  - 0:00
Last Minute Defensive  - 0:00
Total
Forward - 60:00
Defense - 60:00
Play-by-Play 1st period 0:01 of 1st period - Mattias Janmark-Nylen wins face-off versus Vincent Trocheck in neutral zone. 0:26 of 1st period - Shot by Vincent Trocheck. 0:26 of 1st period - Shot Blocked by Mattias Janmark-Nylen. 0:34 of 1st period - Shot by Matt Duchene. 0:34 of 1st period - Shot Misses the Net. 0:40 of 1st period - Shot by Vincent Trocheck. 0:40 of 1st period - Shot Misses the Net. 0:42 of 1st period - Shot by Rasmus Dahlin. 0:42 of 1st period - Shot Misses the Net. 0:55 of 1st period - Icing by Mattias Janmark-Nylen. 0:56 of 1st period - Jean-Gabriel Pageau wins face-off versus Filip Forsberg in CALGARY FIREMEN zone. 1:31 of 1st period - Shot by Nick Schmaltz. 1:31 of 1st period - Shot Misses the Net. 1:33 of 1st period - Shot by Marcus Pettersson. 1:33 of 1st period - Shot Blocked by Jake McCabe. 1:35 of 1st period - Shot by Moritz Seider. 1:35 of 1st period - Shot Misses the Net. 1:37 of 1st period - Shot by Artturi Lehkonen. 1:37 of 1st period - Shot Misses the Net. 2:07 of 1st period - Shot by Oskar Lindblom. 2:07 of 1st period - Stopped by Ilya Sorokin without a rebound. 2:08 of 1st period - Charlie Coyle wins face-off versus Yakov Trenin in BOISE CARIBOUS zone. 2:10 of 1st period - Gabriel Vilardi is hit by Michael McCarron and loses puck. 2:17 of 1st period - Sonny Milano is hit by Gabriel Vilardi and loses puck. 2:29 of 1st period - Icing by Colton White. 2:30 of 1st period - Jesperi Kotkaniemi wins face-off versus Yakov Trenin in CALGARY FIREMEN zone. 2:49 of 1st period - Shot by Sonny Milano. 2:49 of 1st period - Shot Misses the Net. 3:00 of 1st period - Sonny Milano is hit by Phil Kessel and loses puck. 3:22 of 1st period - Off-side. 3:23 of 1st period - Charlie Coyle wins face-off versus Oskar Lindblom in neutral zone. 3:23 of 1st period - Charlie Coyle is hit by Mason Marchment. 3:41 of 1st period - Off-side. 3:42 of 1st period - Vincent Trocheck wins face-off versus Brett Howden in neutral zone. 4:00 of 1st period - Fabian Zetterlund is hit by Moritz Seider and loses puck. 4:11 of 1st period - Shot by Vincent Trocheck. 4:11 of 1st period - Shot Misses the Net. 4:26 of 1st period - Matt Duchene is hit by Nikita Zadorov and loses puck. 4:40 of 1st period - Icing by Nikita Zadorov. 4:41 of 1st period - Charlie Coyle wins face-off versus Fabian Zetterlund in CALGARY FIREMEN zone. 5:12 of 1st period - Lawson Crouse is hit by Brett Howden and loses puck. 6:30 of 1st period - Off-side. 6:31 of 1st period - Vincent Trocheck wins face-off versus Filip Forsberg in neutral zone. 6:38 of 1st period - Shot by Tim Stutzle. 6:38 of 1st period - Shot Blocked by Colton White. 6:41 of 1st period - Icing by Jakob Silfverberg. 6:42 of 1st period - Vincent Trocheck wins face-off versus Filip Forsberg in CALGARY FIREMEN zone. 6:50 of 1st period - Shot by Matt Duchene. 6:50 of 1st period - Shot Misses the Net. 7:04 of 1st period - Shot by Matt Duchene. 7:04 of 1st period - Shot Misses the Net. 7:06 of 1st period - Shot by Olli Maatta. 7:06 of 1st period - Shot Misses the Net. 7:08 of 1st period - Shot by Vincent Trocheck. 7:08 of 1st period - Deflect By Tim Stutzle. 7:08 of 1st period - Shot Blocked by Jakob Silfverberg. 7:10 of 1st period - Shot by Matt Duchene. 7:10 of 1st period - Goal by Matt Duchene - CALGARY FIREMEN : 0 - BOISE CARIBOUS : 1. 7:11 of 1st period - Jean-Gabriel Pageau wins face-off versus Yakov Trenin in neutral zone. 9:07 of 1st period - Off-side. 9:08 of 1st period - Ryan Johansen wins face-off versus Lawson Crouse in neutral zone. 9:23 of 1st period - Shot by Ryan Johansen. 9:23 of 1st period - Deflect By Mason Marchment. 9:23 of 1st period - Shot Misses the Net. 9:25 of 1st period - Shot by Ryan Johansen. 9:25 of 1st period - Shot Blocked by Dylan DeMelo. 9:27 of 1st period - Shot by Oskar Lindblom. 9:27 of 1st period - Shot Blocked by Olli Maatta. 9:39 of 1st period - Shot by Mason Marchment. 9:39 of 1st period - Stopped by Ilya Sorokin without a rebound. 9:40 of 1st period - Jesperi Kotkaniemi wins face-off versus Filip Forsberg in BOISE CARIBOUS zone. 9:49 of 1st period - Jamie Oleksiak is hit by Jesperi Kotkaniemi and loses puck. 10:06 of 1st period - Shot by Filip Forsberg. 10:06 of 1st period - Stopped by Ilya Sorokin without a rebound. 10:07 of 1st period - Vincent Trocheck wins face-off versus Yakov Trenin in BOISE CARIBOUS zone. 10:07 of 1st period - Vincent Trocheck is hit by Michael McCarron. 10:19 of 1st period - Shot by Tim Stutzle. 10:19 of 1st period - Shot Blocked by Colton White. 10:31 of 1st period - Shot by Michael McCarron. 10:31 of 1st period - Stopped by Ilya Sorokin without a rebound. 10:32 of 1st period - Ryan Johansen wins face-off versus Charlie Coyle in BOISE CARIBOUS zone. 10:48 of 1st period - Gabriel Vilardi is hit by Jamie Oleksiak and loses puck. 11:24 of 1st period - Icing by Jake McCabe. 11:25 of 1st period - Ryan Johansen wins face-off versus Vincent Trocheck in CALGARY FIREMEN zone. 11:40 of 1st period - Shot by Vincent Trocheck. 11:40 of 1st period - Stopped by Kevin Poulin with a rebound. 12:12 of 1st period - Shot by Filip Forsberg. 12:12 of 1st period - Shot Misses the Net. 13:47 of 1st period - Off-side. 13:48 of 1st period - Charlie Coyle wins face-off versus Ryan Johansen in neutral zone. 13:53 of 1st period - Icing by Jake McCabe. 13:54 of 1st period - Ryan Johansen wins face-off versus Charlie Coyle in CALGARY FIREMEN zone. 14:05 of 1st period - Shot by Mason Marchment. 14:05 of 1st period - Shot Misses the Net. 14:19 of 1st period - Shot by Charlie Coyle. 14:19 of 1st period - Shot Misses the Net. 14:21 of 1st period - Shot by Charlie Coyle. 14:21 of 1st period - Stopped by Kevin Poulin with a rebound. 15:29 of 1st period - Shot by Jean-Gabriel Pageau. 15:29 of 1st period - Deflect By Artturi Lehkonen. 15:29 of 1st period - Stopped by Kevin Poulin without a rebound. 15:30 of 1st period - Vincent Trocheck wins face-off versus Sonny Milano in CALGARY FIREMEN zone. 15:30 of 1st period - Vincent Trocheck is hit by Nikita Zadorov. 15:59 of 1st period - Shot by Tim Stutzle. 15:59 of 1st period - Shot Misses the Net. 16:09 of 1st period - Shot by Tim Stutzle. 16:09 of 1st period - Stopped by Kevin Poulin without a rebound. 16:10 of 1st period - Jesperi Kotkaniemi wins face-off versus Filip Forsberg in CALGARY FIREMEN zone. 16:10 of 1st period - Moritz Seider is hit by Andrej Sustr and loses puck. 16:14 of 1st period - Icing by Mattias Janmark-Nylen. 16:15 of 1st period - Jean-Gabriel Pageau wins face-off versus Jakob Silfverberg in CALGARY FIREMEN zone. 16:21 of 1st period - Jean-Gabriel Pageau is hit by Andrej Sustr and loses puck. 16:47 of 1st period - Icing by Rasmus Dahlin. 16:48 of 1st period - Brett Howden wins face-off versus Jean-Gabriel Pageau in BOISE CARIBOUS zone. 17:35 of 1st period - Shot by Tim Stutzle. 17:35 of 1st period - Stopped by Kevin Poulin without a rebound. 17:36 of 1st period - Filip Forsberg wins face-off versus Jesperi Kotkaniemi in CALGARY FIREMEN zone. 17:56 of 1st period - Shot by Jesperi Kotkaniemi. 17:56 of 1st period - Stopped by Kevin Poulin with a rebound. 17:58 of 1st period - Shot by Olli Maatta. 17:58 of 1st period - Stopped by Kevin Poulin without a rebound. 17:59 of 1st period - Yakov Trenin wins face-off versus Vincent Trocheck in CALGARY FIREMEN zone. 17:59 of 1st period - Yakov Trenin is hit by Vincent Trocheck. 18:02 of 1st period - Icing by Sonny Milano. 18:03 of 1st period - Vincent Trocheck wins face-off versus Yakov Trenin in CALGARY FIREMEN zone. 18:11 of 1st period - Vincent Trocheck is hit by Colton White and loses puck. 18:39 of 1st period - Shot by Sonny Milano. 18:39 of 1st period - Stopped by Ilya Sorokin without a rebound. 18:40 of 1st period - Charlie Coyle wins face-off versus Filip Forsberg in BOISE CARIBOUS zone. 18:40 of 1st period - Charlie Coyle is hit by Filip Forsberg. 19:10 of 1st period - Shot by Charlie Coyle. 19:10 of 1st period - Shot Blocked by Jake McCabe. 19:12 of 1st period - Shot by Charlie Coyle. 19:12 of 1st period - Stopped by Kevin Poulin without a rebound. 19:13 of 1st period - Vincent Trocheck wins face-off versus Ryan Johansen in CALGARY FIREMEN zone. 19:24 of 1st period - Shot by Matt Duchene. 19:24 of 1st period - Shot Misses the Net. 19:26 of 1st period - Shot by Matt Duchene. 19:26 of 1st period - Stopped by Kevin Poulin without a rebound. 19:27 of 1st period - Yakov Trenin wins face-off versus Nick Schmaltz in CALGARY FIREMEN zone. 19:51 of 1st period - Artturi Lehkonen is hit by Andrej Sustr and loses puck. Goals for this period are 0 for CALGARY FIREMEN vs 1 for BOISE CARIBOUS. Shots for this period are 5 for CALGARY FIREMEN vs 10 for BOISE CARIBOUS. 2nd period 0:01 of 2nd period - Vincent Trocheck wins face-off versus Filip Forsberg in neutral zone. 0:11 of 2nd period - Tim Stutzle is hit by Jake McCabe and loses puck. 0:22 of 2nd period - Shot by Mattias Janmark-Nylen. 0:22 of 2nd period - Stopped by Ilya Sorokin without a rebound. 0:23 of 2nd period - Charlie Coyle wins face-off versus Ryan Johansen in BOISE CARIBOUS zone. 2:06 of 2nd period - Shot by Vincent Trocheck. 2:06 of 2nd period - Shot Misses the Net. 2:29 of 2nd period - Shot by Filip Forsberg. 2:29 of 2nd period - Shot Misses the Net. 2:42 of 2nd period - Off-side. 2:43 of 2nd period - Jesperi Kotkaniemi wins face-off versus Yakov Trenin in neutral zone. 3:42 of 2nd period - Shot by Artturi Lehkonen. 3:42 of 2nd period - Shot Blocked by Sonny Milano. 3:44 of 2nd period - Shot by Artturi Lehkonen. 3:44 of 2nd period - Deflect By Jean-Gabriel Pageau. 3:44 of 2nd period - Shot Blocked by Sonny Milano. 3:54 of 2nd period - Shot by Jean-Gabriel Pageau. 3:54 of 2nd period - Shot Blocked by Colton White. 3:56 of 2nd period - Shot by Olli Maatta. 3:56 of 2nd period - Shot Misses the Net. 3:58 of 2nd period - Shot by Artturi Lehkonen. 3:58 of 2nd period - Stopped by Kevin Poulin with a rebound. 4:00 of 2nd period - Shot by Artturi Lehkonen. 4:00 of 2nd period - Stopped by Kevin Poulin without a rebound. 4:01 of 2nd period - Filip Forsberg wins face-off versus Tim Stutzle in CALGARY FIREMEN zone. 4:03 of 2nd period - Jake McCabe is hit by Tim Stutzle and loses puck. 4:20 of 2nd period - Shot by Matt Duchene. 4:20 of 2nd period - Goal by Matt Duchene - CALGARY FIREMEN : 0 - BOISE CARIBOUS : 2. 4:21 of 2nd period - Charlie Coyle wins face-off versus Brett Howden in neutral zone. 4:26 of 2nd period - Shot by Lawson Crouse. 4:26 of 2nd period - Stopped by Kevin Poulin without a rebound. 4:27 of 2nd period - Tim Stutzle wins face-off versus Filip Forsberg in CALGARY FIREMEN zone. 4:35 of 2nd period - Matt Duchene is hit by Jake McCabe and loses puck. 4:50 of 2nd period - Shot by Filip Forsberg. 4:50 of 2nd period - Shot Hit the Post. 5:24 of 2nd period - Shot by Nikita Zadorov. 5:24 of 2nd period - Stopped by Ilya Sorokin without a rebound. 5:25 of 2nd period - Brett Howden wins face-off versus Charlie Coyle in BOISE CARIBOUS zone. 5:57 of 2nd period - Icing by Brett Howden. 5:58 of 2nd period - Brett Howden wins face-off versus Nick Schmaltz in CALGARY FIREMEN zone. 6:18 of 2nd period